 Dungeon Crawl Stone Soup version 0.21.1-68-g103a7afc0a (webtiles) character file.

316 quinotauri the Slasher (level 6, -2/47 HPs)
             Began as a Demonspawn Fighter on Aug 2, 2018.
             Slain by Supaplex's ghost (10 damage)
             ... on level 3 of the Dungeon.
             The game lasted 00:07:28 (2410 turns).

quinotauri the Slasher (Demonspawn Fighter)         Turns: 2410, Time: 00:07:28

Health: -2/47      AC:  9    Str: 18    XL:     6   Next: 20%
Magic:  6/6        EV:  4    Int:  9    God:
Gold:   196        SH:  9    Dex: 13    Spells: 5/5 levels left

rFire    . . .     SeeInvis .   a - +0 long sword
rCold    . . .     Gourm    .   c - +0 shield
rNeg     . . .     Faith    .   k - +0 chain mail {MR+}
rPois    .         Spirit   .   (helmet restricted)
rElec    .         Reflect  .   (no cloak)
rCorr    .         Harm     .   (no gloves)
MR       +....                  (no boots)
Stlth    ..........             (no amulet)
HPRegen  0.15/turn              (no ring)
MPRegen  0.10/turn              (no ring)

@: no status effects
A: antennae 1, claws 1, blink, mutation resistance 1, powered by death 1
a: Blink


You were on level 3 of the Dungeon.
You were not hungry.

You visited 1 branch of the dungeon, and saw 3 of its levels.

You collected 196 gold pieces.

Inventory:

Hand Weapons
 a - a +0 long sword (weapon)
Armour
 c - a +0 shield (worn)
 k - a +0 chain mail of magic resistance (worn)
Scrolls
 e - a scroll of identify {unknown}
 h - a scroll of teleportation {unknown}
 i - a scroll of remove curse {unknown}
 j - a scroll of magic mapping {unknown}
 l - a scroll of immolation {unknown}
Potions
 g - a potion of degeneration {unknown}
 m - a potion of berserk rage {unknown}
Comestibles
 f - 5 rations


   Skills:
 + Level 3.5 Fighting
 + Level 4.7 Long Blades
 + Level 3.7 Armour
 + Level 3.3 Shields


You had 5 spell levels left.
You didn't know any spells.

Dungeon Overview and Level Annotations

Branches:
Dungeon (3/15)

Altars:

Annotations:
D:3 Supaplex's ghost, weakling MiFi


Innate Abilities, Weirdness & Mutations

You have a pair of small antennae on your head.
You have sharp fingernails.
You regenerate a little health from kills.
You can translocate small distances at will.
You are somewhat resistant to further mutation.


Message History

* * * LOW HITPOINT WARNING * * *
You hit Supaplex's ghost.
Supaplex's ghost is lightly damaged.
Supaplex's ghost completely misses you.
You riposte.
You hit Supaplex's ghost.
Supaplex's ghost is moderately damaged.
You block Supaplex's ghost's attack.
You feel better. You block Supaplex's ghost's attack.
You hit Supaplex's ghost.
Supaplex's ghost is heavily damaged.
Supaplex's ghost hits you!
* * * LOW HITPOINT WARNING * * *
You hit Supaplex's ghost but do no damage.
Supaplex's ghost is heavily damaged.
Supaplex's ghost hits you.
* * * LOW HITPOINT WARNING * * *
The crimson imp summons a swarm of flies.
You hit Supaplex's ghost but do no damage.
Supaplex's ghost is heavily damaged.
Supaplex's ghost hits you!
You die...

.........#...........
....................>
..##.................
.÷.............##
............##..#
............###.##
............# #..#
............# ##.#
.......###### #@#
.......# #W###.#
.......# #5.##.# ..
.......# ##.##.# ...
.......#
#..#.######...
.......#
##.#..........
......##
####)...........
......#
#...............
......# #.....†...##


You could see Supaplex's ghost and a crimson imp.

Vanquished Creatures
  Sigmund (D:2)
  An iguana (D:3)
  Terence (D:3)
  4 adders
  2 oozes
  A worm (D:2)
  2 dart slugs
  3 leopard geckos
  An orc (D:2)
  6 bats
  2 giant cockroaches (D:1)
  6 goblins
  6 hobgoblins
  8 kobolds
  A quokka (D:3)
  5 frilled lizards
  7 rats
57 creatures vanquished.

Notes
Turn   | Place    | Note
-------+----------+-------------------------------------------
     0 | D:1      | quinotauri the Demonspawn Fighter began the quest for the Orb.
     0 | D:1      | Reached XP level 1. HP: 18/18 MP: 1/1
    65 | D:1      | Reached skill level 2 in Long Blades
   553 | D:1      | Gained mutation: You have sharp fingernails. [demonic ancestry]
   553 | D:1      | Reached XP level 2. HP: 24/24 MP: 2/2
   617 | D:1      | Reached skill level 3 in Long Blades
   903 | D:2      | Reached XP level 3. HP: 29/29 MP: 3/3
  1269 | D:2      | Reached XP level 4. HP: 34/35 MP: 4/4
  1287 | D:2      | Noticed Sigmund
  1332 | D:2      | HP: 1/35 [something (8)]
  1335 | D:2      | Gained mutation: You are dopey. (Int -2) [potion of mutation]
  1335 | D:2      | Gained mutation: You are somewhat resistant to further mutation. [potion of mutation]
  1339 | D:2      | Killed Sigmund
  1339 | D:2      | Reached skill level 4 in Long Blades
  1339 | D:2      | Gained mutation: You have a pair of small antennae on your head. [demonic ancestry]
  1339 | D:2      | Reached XP level 5. HP: 10/41 MP: 5/5
  1810 | D:3      | Lost mutation: You are dopey. (Int -2) [potion of mutation]
  1810 | D:3      | Gained mutation: You can translocate small distances at will. [potion of mutation]
  1950 | D:3      | Noticed Terence
  1978 | D:3      | Killed Terence
  1978 | D:3      | Gained mutation: You regenerate a little health from kills. [demonic ancestry]
  1978 | D:3      | Reached XP level 6. HP: 40/47 MP: 6/6
  2379 | D:3      | Noticed Supaplex's ghost (weakling MiFi)
  2410 | D:3      | Slain by Supaplex's ghost

Skill      XL: |  1  2  3  4 |
---------------+-------------+-----
Long Blades    | 2 3 4 |  4.7
Armour         | 3 |  3.7
Shields        | 3 |  3.3
Fighting       | |  3.5

Action                   |  1- 3 |  4- 6 || total
-------------------------+-------+-------++-------
Melee: Long sword        |   112 |   142 ||   254
  Use: Potion            |       |     8 ||     8
  Eat: Chunk             |     1 |     4 ||     5
Armor: Scale mail        |    42 |    22 ||    64
       Chain mail        |       |    39 ||    39
Dodge: Dodged            |    27 |    40 ||    67
Block: Shield            |    57 |    72 ||   129
       Rpst.: Long sword |     7 |    10 ||    17
